 Dungeon Sprint DCSS version 0.28-a0-863-g8cecda6153 (webtiles) character file.

Game seed: 2094944668318515777

10007 emperorscorpion the Eclecticist (level 11, -11/67 HPs)
             Began as a Djinni Air Elementalist on Nov 18, 2021.
             Was the Champion of Makhleb.
             Mangled by an orc knight (27 damage)
             ... in the Dungeon (Sprint IX: "|||||||||||||||||||||||||||||").
             The game lasted 00:12:00 (3165 turns).

emperorscorpion the Eclecticist (DjAE)              Turns: 3165, Time: 00:12:01

Health: -11/67     AC: 16    Str:  7    XL:     11   Next: 85%
Gold:   1286       EV:  5    Int: 20    God:    Makhleb [******] SH:  0 Dex: 17

rFire   + + .      SeeInvis .   s - +4 quarterstaff (drain)
rCold   x . .      Faith    .   (shield currently unavailable)
rNeg    . . .      Spirit   .   m - +1 chain mail
rPois   ∞          Reflect  .   (no helmet)
rElec   .          Harm     .   j - +0 cloak
rCorr   .          Rampage  .   (no gloves)
Will    +....      NoTele   +   (boots unavailable)
Stlth   ..........              (no amulet)
HPRegen 0.21/turn               k - +3 ring of dexterity
MPRegen 0.00/turn               l - +2 ring of protection

@: freezing walls, flying, very slightly contaminated
A: sickness immunity, fire resistance 2, cold vulnerability 1, float, innate
caster, hp casting, extra vitality 1
a: Renounce Religion, Minor Destruction, Lesser Servant of Makhleb, Major
Destruction, Greater Servant of Makhleb


You were in the Dungeon.
You worshipped Makhleb.
Makhleb was exalted by your worship.
You visited 1 branch You collected 1286 gold pieces.

Inventory:

Hand Weapons
 g - a +0 dagger
 h - a +0 shortbow
 s - a +4 quarterstaff of draining (weapon)
 t - a +2 rapier of distortion
 w - a +0 arbalest
Missiles
 i - 40 arrows
 n - 7 poisoned darts
 v - a boomerang of dispersal
 x - 11 bolts
Armour
 a - a +0 robe
 j - a +0 cloak (worn)
 m - a +1 chain mail (worn)
Jewellery
 k - a +3 ring of dexterity (left hand)
 l - a +2 ring of protection (right hand)
Wands
 u - a wand of digging (5)
Scrolls
 f - a scroll of blinking
 p - a scroll of fear
 q - a scroll of identify
 r - 4 scrolls of enchant armour
Potions
 b - 8 potions of curing
 c - 3 potions of heal wounds
 d - a potion of haste
 e - 3 potions of berserk rage
 o - 2 potions of mutation


   Skills:
 + Level 1.3 Fighting
 + Level 1.4 Staves
 + Level 10.7 Armour
 + Level 7.2 Dodging
 + Level 6.0 Stealth
 + Level 16.3 Spellcasting
 * Level 11.5 Invocations
 + Level 5.7 Evocations


You had 18 spell levels left.
You knew the following spells:

 Your Spells              Type           Power      Damage    Failure   Level
a - Shock                 Conj/Air       100%       1d9       1%          1
b - Static Discharge      Conj/Air       69%        N/A       1%          2
c - Swiftness             Air            69%        N/A       1%          3
d - Airstrike             Air            34%        N/A       3%          4
e - Animate Skeleton      Necr           100%       N/A       1%          1
f - Poisonous Vapours     Pois/Air       100%       N/A       1%          2
g - Frozen Ramparts       Ice            100%       1d12      1%          3
h - Sticky Flame          Conj/Fire      69%        2d8       3%          4
i - Fulminant Prism       Conj/Hex       34%        3d16      3%          4
Your spell library was empty.

Dungeon Overview and Level Annotations

Branches:
Dungeon (1/1)

Altars:
Cheibriados
Dithmenos
Elyvilon
Fedhas
Gozag
Hepliaklqana
Kikubaaqudgha
Makhleb
Nemelex Xobeh
Okawaru
Qazlal
Ru
Sif Muna
Trog
Uskayaw
Vehumet
Wu Jian
Xom
Yredelemnul
Zin
The Shining One
Beogh
Jiyva
Lugonu

Shops:
D ?


Innate Abilities, Weirdness & Mutations

You are immune to sickness and miasma.
You are immune to poison.
Your flesh is very heat resistant. (rF++)
You are vulnerable to cold. (rC-)
You float through the air rather than walking.
You learn spells naturally, not from books.
Your magical power is your life essence.
You have superior vitality. (+4 HP)


Message History

The orc knight is lightly wounded.
The wall freezes the orc knight.
Casting: Airstrike (dangerous; 3% risk of failure)
Confirm with . or Enter, or press ? or * to list all spells.
Aiming: Airstrike (dangerous; 3% risk of failure)
Press: ? - help, Dir - move target, f/p - orc knight
Aim: an orc knight, wielding a +2 glaive and wearing a +0 chain mail (lightly wounded, empty space bonus: 2/8)
The air twists around and strikes the orc knight.
The orc knight is lightly wounded.
The wall freezes the orc knight!
The orc knight hits you from afar with a +2 glaive.
Casting: Airstrike (dangerous; 3% risk of failure)
Confirm with . or Enter, or press ? or * to list all spells.
Aiming: Airstrike (dangerous; 3% risk of failure)
Press: ? - help, Dir - move target, f/p - orc knight
Aim: an orc knight, wielding a +2 glaive and wearing a +0 chain mail (moderately wounded, empty space bonus: 2/8)
The air twists around and strikes the orc knight!
The orc knight is moderately wounded.
The wall freezes the orc knight.
The orc knight hits you from afar with a +2 glaive!!
Casting: Airstrike (dangerous; 3% risk of failure)
Confirm with . or Enter, or press ? or * to list all spells.
Aiming: Airstrike (dangerous; 3% risk of failure)
Press: ? - help, Dir - move target, f/p - orc knight
Aim: an orc knight, wielding a +2 glaive and wearing a +0 chain mail (heavily wounded, empty space bonus: 2/8)
The air twists around and strikes the orc knight!
The orc knight is heavily wounded.
* * * LOW HITPOINT WARNING * * *
The wall freezes the orc knight.
The orc knight barely misses you.
Casting: Airstrike (dangerous; 3% risk of failure)
Confirm with . or Enter, or press ? or * to list all spells.
Aiming: Airstrike (dangerous; 3% risk of failure)
Press: ? - help, Dir - move target, f/p - orc knight
Aim: an orc knight, wielding a +2 glaive and wearing a +0 chain mail (severely wounded, empty space bonus: 2/8)
The air twists around and strikes the orc knight!
The orc knight is severely wounded.
* * * LOW HITPOINT WARNING * * *
The wall freezes the orc knight.
The orc knight hits you from afar with a +2 glaive!!
You die...

▓.▓.▓.▓.▓_▓
▓.▓.▓.▓.▓_▓
▓'▓.▓.▓.▓_▓
▓o▓.▓'▓.▓'▓
▓o▓.▓.▓.▓!▓
▓o▓.▓.▓.▓?▓
▓o▓.▓.▓.▓)▓
▓o▓.▓.▓.▓.▓
▓∩▓.▓@▓.▓.▓
▓.▓.▓.▓[▓
▓.▓o▓.▓.▓
▓.▓.▓.▓.▓
▓.▓.▓.▓.▓
▓.▓:▓.▓'▓
▓.▓.▓.▓.▓
▓.▓.▓.▓.▓
▓.▓'▓.▓.▓


You could see an orc knight.

Vanquished Creatures
  2 centaur warriors (D)
  A two-headed ogre (D)
  A lindwurm (D)
  3 orc knights (D)
  A manticore (D)
  3 cyclopes (D)
  A black mamba (D)
  2 cane toads (D)
  A komodo dragon (D)
  2 blink frogs (D)
  2 tyrant leeches (D)
  A wyvern (D)
  6 yaks (D)
  2 vampire mosquitoes (D)
  6 water moccasins (D)
  9 orc warriors (D)
  2 kobold brigands (D)
  4 bullfrogs (D)
  3 orc priests (D)
  6 orc wizards (D)
  A white imp (D)
  A worm (D)
  A dart slug (D)
  6 orcs (D)
  3 endoplasms (D)
  A goblin (D)
  A ball python skeleton (D)
  A ball python zombie (D)
73 creatures vanquished.

Notes
Turn   | Place    | Note
-------+----------+-------------------------------------------
     0 | D        | emperorscorpion the Djinni Air Elementalist began the quest
                  | for the Orb.
     0 | D        | Reached XP level 1. HP: 15/15 MP: 0/0
     8 | D        | Reached skill level 3 in Spellcasting
     9 | D        | Reached XP level 2. HP: 13/21 MP: 0/0
   133 | D        | Reached skill level 4 in Spellcasting
   134 | D        | Reached XP level 3. HP: 18/25 MP: 0/0
   134 | D        | Learned a level 1 spell: Animate Skeleton
   137 | D        | Reached skill level 5 in Spellcasting
   149 | D        | Found a snail-covered altar of Cheibriados.
   149 | D        | Found a shadowy altar of Dithmenos.
   149 | D        | Found a white marble altar of Elyvilon.
   149 | D        | Found a blossoming altar of Fedhas.
   149 | D        | Found an opulent altar of Gozag.
   150 | D        | Found a hazy altar of Hepliaklqana.
   151 | D        | Found a viscous altar of Jiyva.
   153 | D        | Found a corrupted altar of Lugonu.
   154 | D        | Found a burning altar of Makhleb.
   155 | D        | Found a sparkling altar of Nemelex Xobeh.
   156 | D        | Found an iron altar of Okawaru.
   157 | D        | Found a stormy altar of Qazlal.
   158 | D        | Found a sacrificial altar of Ru.
   160 | D        | Found a bloodstained altar of Trog.
   161 | D        | Found a hide-covered altar of Uskayaw.
   162 | D        | Became a worshipper of Makhleb the Destroyer
   164 | D        | Found an ornate altar of the Wu Jian Council.
   165 | D        | Found a shimmering altar of Xom.
   166 | D        | Found a basalt altar of Yredelemnul.
   167 | D        | Found a glowing silver altar of Zin.
   168 | D        | Found a glowing golden altar of the Shining One.
   324 | D        | Noticed a two-headed ogre
   324 | D        | Noticed a kobold brigand
   324 | D        | Noticed a kobold brigand
   324 | D        | Noticed a yak
   324 | D        | Noticed a yak
   355 | D        | Killed a two-headed ogre
   355 | D        | Killed a kobold brigand
   356 | D        | Reached skill level 5 in Armour
   356 | D        | Reached skill level 5 in Dodging
   356 | D        | Reached skill level 9 in Spellcasting
   356 | D        | Reached skill level 5 in Invocations
   356 | D        | Reached XP level 4. HP: 27/31 MP: 0/0
   356 | D        | Reached XP level 5. HP: 31/35 MP: 0/0
   356 | D        | Learned a level 2 spell: Poisonous Vapours
   356 | D        | Reached XP level 6. HP: 35/40 MP: 0/0
   356 | D        | Reached XP level 7. HP: 39/45 MP: 0/0
   356 | D        | Learned a level 3 spell: Frozen Ramparts
   418 | D        | Reached * piety under Makhleb
   419 | D        | Reached XP level 8. HP: 42/50 MP: 0/0
   513 | D        | Killed a yak
   514 | D        | Reached skill level 10 in Spellcasting
   518 | D        | Killed a yak
   518 | D        | Reached ** piety under Makhleb
   644 | D        | Noticed a cyclops
   644 | D        | Noticed a manticore
   644 | D        | Noticed a centaur warrior
   644 | D        | Noticed a centaur warrior
   644 | D        | Noticed a cyclops
   644 | D        | Noticed a cyclops
   649 | D        | Killed a cyclops
   649 | D        | Killed a manticore
   650 | D        | Reached skill level 11 in Spellcasting
   650 | D        | Reached XP level 9. HP: 40/55 MP: 0/0
   650 | D        | Learned a level 4 spell: Sticky Flame
   654 | D        | Killed a centaur warrior
   654 | D        | Killed a centaur warrior
   654 | D        | Reached *** piety under Makhleb
   655 | D        | Reached skill level 5 in Stealth
   655 | D        | Reached skill level 12 in Spellcasting
   655 | D        | Reached XP level 10. HP: 52/60 MP: 0/0
   666 | D        | Killed a cyclops
   667 | D        | Reached skill level 13 in Spellcasting
   672 | D        | Killed a cyclops
   785 | D        | Noticed a cane toad
   785 | D        | Noticed a cane toad
   790 | D        | Reached **** piety under Makhleb
   791 | D        | Noticed a komodo dragon
   791 | D        | Killed a cane toad
   793 | D        | Killed a cane toad
   796 | D        | Reached skill level 14 in Spellcasting
   798 | D        | Reached ***** piety under Makhleb
   801 | D        | Killed a komodo dragon
   840 | D        | Noticed a lindwurm
   840 | D        | Noticed a black mamba
   843 | D        | Killed a lindwurm
   844 | D        | Reached skill level 10 in Armour
   844 | D        | Reached skill level 5 in Evocations
   844 | D        | Reached XP level 11. HP: 52/65 MP: 0/0
   844 | D        | Learned a level 4 spell: Fulminant Prism
   850 | D        | Reached skill level 10 in Invocations
   852 | D        | Reached ****** piety under Makhleb
  1138 | D        | Reached skill level 15 in Spellcasting
  1149 | D        | Reached skill level 1 in Fighting
  1357 | D        | Noticed an orc knight
  1363 | D        | Noticed an orc knight
  1371 | D        | Killed an orc knight
  1372 | D        | Reached skill level 1 in Staves
  1920 | D        | Killed an orc knight
  1921 | D        | Reached skill level 16 in Spellcasting
  2436 | D        | Noticed an orc knight
  2442 | D        | Killed an orc knight
  2675 | D        | Found Kioptynut's Magic Scroll Emporium.
  2675 | D        | Noticed an orc knight
  2675 | D        | Noticed an orc high priest
  2675 | D        | Noticed an orc knight
  2675 | D        | Noticed an orc high priest
  2675 | D        | Noticed an orc knight
  3165 | D        | Mangled by an orc knight

Illustrated notes

Levels and vault maps discovered:
D:        linesprint [early_d, line_temple, items_1, d_10, items_2, lair_1,
          lair_end, items_3, orc_1, orc_end, items_4, d_15, swamp_1, shoals_1,
          snake_1, spider_1, d_20, vaults_1, items_5, swamp_end, shoals_end,
          snake_end, spider_end, vaults_end, d_27, items_6, zot_1, zot_end,
          crypt_end, forest_end, elf_end, slime_end, tomb_end, abyss_end,
          pan_hell_end]

Skill      XL: |  1  2  3  4  5  6  7  8  9 10 11 |
---------------+----------------------------------+-----
Spellcasting   | 3 4 9 11 12 14 16 | 16.3
Stealth        | 2 4 5 6 |  6.0
Dodging        | 3 5 6 7 |  7.2
Armour         | 5 7 8 10 | 10.7
Invocations    | 5 7 8 9 11 | 11.5
Evocations     | 2 3 4 5 |  5.7
Fighting       | 1 |  1.3
Staves         | 1 |  1.4

Action                   |  1- 3 |  4- 6 |  7- 9 | 10-12 || total
-------------------------+-------+-------+-------+-------++-------
Melee: Quarterstaff      |       |       |       |     2 ||     2
 Cast: Shock             |    13 |       |    16 |    75 ||   104
       Static Discharge  |     2 |       |     4 |    12 ||    18
       Swiftness         |     1 |       |       |       ||     1
       Frozen Ramparts   |       |       |     3 |    14 ||    17
       Poisonous Vapours |       |       |     1 |       ||     1
       Airstrike         |       |       |       |    34 ||    34
Evoke: Wand              |     5 |       |     4 |     1 ||    10
  Use: Potion            |       |       |     1 |     2 ||     3
       Scroll            |       |       |       |     2 ||     2
Armor: Chain mail        |       |       |       |    10 ||    10
Dodge: Dodged            |       |       |     2 |    14 ||    16

Table legend: (Time is in decaauts)
 A = Elapsed time spent in this place.
 B = Non-inter-level travel time spent in this place.
 C = Inter-level travel time spent in this place.
 D = Time resting spent in this place.
 E = Time spent auto-exploring this place.
 F = Levels seen in this place.
 G = Mean time per level.
                   A        B        C        D        E       F      G
               +--------+--------+--------+--------+--------+-----+--------+
         Total |   3161 |   1815 |   1346 |    455 |    628 |   1 | 3161.0 |
       Dungeon |   3161 |   1815 |   1346 |    455 |    628 |   1 | 3161.0 |
               +--------+--------+--------+--------+--------+-----+--------+

Top non-repeatable levels by time:
       D: 3161 daAuts
